 Seeded DCSS version 0.27-a0-650-g8dd3ea4f36 (webtiles) character file.

Game seed: 314159265359 (custom seed)

464 Snicker the Sneak (level 6, -2/46 HPs)
             Began as a Demonspawn Brigand on Mar 16, 2021.
             Slain by a gnoll
             ... wielding a +0 spear
              (5 damage)
             ... on level 3 of the Dungeon.
             The game lasted 00:04:41 (2850 turns).

Snicker the Sneak (Demonspawn Brigand)              Turns: 2850, Time: 00:04:43

Health: -2/46      AC:  5    Str: 11    XL:     6   Next: 80%
Magic:  6/6        EV: 12    Int: 12    God:
Gold:   70         SH:  0    Dex: 17    Spells: 5/5 levels left

rFire    . . .     SeeInvis .   b - +4 quarterstaff (chaos)
rCold    . . .     Faith    .   (shield currently unavailable)
rNeg     . . .     Spirit   .   u - +0 robe
rPois    .         Reflect  .   (no helmet)
rElec    .         Harm     .   v - +2 cloak {Stlth+}
rCorr    .         Rampage  .   (no gloves)
Will     .....                  (no boots)
Stlth    ++++......             (no amulet)
HPRegen  0.15/turn              h - +4 ring of slaying
MPRegen  0.10/turn              (no ring)

@: no status effects
A: foul stench 1, powered by death 2
a: no special abilities


You were on level 3 of the Dungeon.
You visited 1 branch of the dungeon, and saw 3 of its levels.

You collected 70 gold pieces.

Inventory:

Hand Weapons
 a - a +2 dagger
 b - a +4 quarterstaff of chaos (weapon)
Missiles
 d - 8 poisoned darts
 e - 2 curare-tipped darts (quivered)
Armour
 c - a +0 cloak
 u - a +0 robe (worn)
 v - a +2 cloak of stealth (worn)
Jewellery
 h - a +4 ring of slaying (right hand)
Wands
 q - a wand of flame (15)
 w - a wand of random effects (20)
Scrolls
 f - a scroll of blinking {unknown}
 g - 2 scrolls of magic mapping {unknown}
 i - a scroll of immolation {unknown}
 l - 2 scrolls of enchant armour {unknown}
 m - a scroll of fear {unknown}
 n - a scroll of identify {unknown}
 o - a scroll of noise {unknown}
 p - a scroll of teleportation {unknown}
Potions
 j - a potion of invisibility {unknown}
 r - a potion of berserk rage {unknown}
 s - a potion of ambrosia {unknown}
 t - a potion of flight {unknown}


   Skills:
 + Level 2.7 Fighting
 * Level 4.4 Short Blades
 + Level 0.4 Staves
 + Level 1.9 Throwing
 + Level 1.7 Dodging
 * Level 5.8 Stealth


You had 5 spell levels left.
You didn't know any spells.
Your spell library was empty.

Dungeon Overview and Level Annotations

Branches:
Dungeon (3/15)

Altars:
Fedhas
Nemelex Xobeh


Innate Abilities, Weirdness & Mutations

You may rarely emit foul miasma when damaged in melee.
You regenerate health from kills.


Message History

You see here a ball python corpse.
A gnoll comes into view. It is wielding a +0 spear.
The gnoll moves out of view.
A gnoll comes into view. It is wielding a +0 club.
A gnoll is nearby!
A gnoll is nearby!
A gnoll is nearby!
A gnoll is nearby!
A gnoll is nearby!
A gnoll comes into view. It is wielding a +0 spear.
A gnoll comes into view.
The gnoll hits you with a +0 club.
You barely miss the gnoll.
The gnoll hits you from afar with a +0 spear.
The gnoll hits you with a +0 club.
The gnoll hits you from afar with a +0 spear.
The gnoll shouts! x2
You hit the gnoll. You burn the gnoll.
The gnoll is lightly wounded.
The gnoll hits you with a +0 club! The gnoll closely misses you.
You closely miss the gnoll.
The gnoll is lightly wounded.
The gnoll hits you with a +0 club!
* * * LOW HITPOINT WARNING * * *
The gnoll closely misses you.
The gnoll hits you from afar with a +0 spear.
* * * LOW HITPOINT WARNING * * *
The gnoll misses you.
You thump the gnoll! You burn the gnoll.
The gnoll is almost dead.
The gnoll hits you with a +0 club.
* * * LOW HITPOINT WARNING * * *
The gnoll hits you but does no damage.
You feel better.
The gnoll hits you from afar with a +0 spear.
* * * LOW HITPOINT WARNING * * *
The gnoll hits you with a +0 club.
* * * LOW HITPOINT WARNING * * *
The gnoll hits you from afar with a +0 spear.
You die...

#.#.#.##.....
#.....#...#
####......# #.
#.........#.#. #.
#.##..........
#.##.##....#...#.
#......g#g## ..#
#.......#g##...# #.#
#.......@........ #.#
##.....†.......##
##.###......#######.#
###.........### #
#........#..#######
##.#..### #.........
......#####..#######
.....†).[<)..#
......#####..#


You could see 3 gnolls.

Vanquished Creatures
  Sigmund (D:3)
  Crazy Yiuf (D:2)
  2 orc priests (D:3)
  Jessica (D:2)
  A worker ant (D:2)
  Natasha (thrice) (D:2)
  4 adders
  An ooze (D:2)
  A dart slug (D:3)
  A leopard gecko (D:2)
  3 orcs (D:3)
  2 ball pythons
  5 bats
  A giant cockroach (D:2)
  9 hobgoblins
  3 jackals (D:1)
  2 quokkas
  2 frilled lizards (D:2)
  2 goblins (D:2)
  A kobold (D:1)
  6 rats
52 creatures vanquished.

Notes
Turn   | Place    | Note
-------+----------+-------------------------------------------
     0 | D:1      | Snicker the Demonspawn Brigand began the quest for the Orb.
     0 | D:1      | Reached XP level 1. HP: 16/16 MP: 1/1
   445 | D:1      | Reached skill level 4 in Stealth
   658 | D:1      | Gained mutation: You regenerate a little health from kills.
                  | [demonic ancestry]
   658 | D:1      | Reached XP level 2. HP: 16/22 MP: 2/2
   782 | D:1      | Reached skill level 1 in Dodging
  1065 | D:1      | Found a sparkling altar of Nemelex Xobeh.
  1538 | D:2      | Gained mutation: You may rarely emit foul miasma when
                  | damaged in melee. [demonic ancestry]
  1538 | D:2      | Reached XP level 3. HP: 22/27 MP: 3/3
  1576 | D:2      | Noticed Jessica
  1580 | D:2      | Killed Jessica
  1609 | D:2      | Found a runed translucent door.
  1610 | D:2      | Noticed Crazy Yiuf
  1648 | D:2      | Reached XP level 4. HP: 33/33 MP: 4/4
  1791 | D:2      | Noticed Natasha
  1793 | D:2      | Killed Natasha
  1817 | D:2      | Noticed Natasha
  1827 | D:2      | Killed Natasha
  1828 | D:2      | Reached XP level 5. HP: 35/39 MP: 5/5
  2056 | D:2      | Found a blossoming altar of Fedhas.
  2217 | D:2      | Noticed Natasha
  2231 | D:2      | Killed Natasha
  2232 | D:2      | Reached skill level 5 in Stealth
  2362 | D:2      | Killed Crazy Yiuf
  2753 | D:3      | Noticed Sigmund
  2754 | D:3      | Killed Sigmund
  2755 | D:3      | Gained mutation: You regenerate health from kills. [demonic
                  | ancestry]
  2755 | D:3      | Reached XP level 6. HP: 46/46 MP: 6/6
  2850 | D:3      | Slain by a gnoll

Illustrated notes

Levels and vault maps discovered:
D:1:      evilmike_arrival_fibonacci_small, layout_basic,
          nemelex_diamond_rough_becter
D:2:      layout_basic, fedhas_ov_isle_minmay, uniq_jessica, uniq_natasha,
          uniq_crazy_yiuf_cottage
D:3:      layout_loops_ring, nicolae_vehumet_radiance,
          grunt_temple_overflow_open, kennysheep_generic_room_3, uniq_terence,
          uniq_sigmund

Skill      XL: |  1  2  3  4  5 |
---------------+----------------+-----
Stealth        | 4 5 |  5.8
Dodging        | 1 |  1.7
Short Blades   | 2 3 4 |  4.4
Fighting       | |  2.7
Staves         | |  0.4
Throwing       | |  1.9

Action                   |  1- 3 |  4- 6 || total
-------------------------+-------+-------++-------
Melee: Dagger            |    50 |    53 ||   103
       Quarterstaff      |       |    25 ||    25
Throw: Dart              |       |     1 ||     1
  Use: Potion            |       |     2 ||     2
 Stab: Sleeping          |     5 |     7 ||    12
Armor: Robe              |     8 |    11 ||    19
Dodge: Dodged            |    30 |    46 ||    76

Table legend: (Time is in decaauts)
 A = Elapsed time spent in this place.
 B = Non-inter-level travel time spent in this place.
 C = Inter-level travel time spent in this place.
 D = Time resting spent in this place.
 E = Time spent auto-exploring this place.
 F = Levels seen in this place.
 G = Mean time per level.
                   A        B        C        D        E       F      G
               +--------+--------+--------+--------+--------+-----+--------+
         Total |   2840 |   2762 |     78 |    590 |   1751 |   3 |  946.7 |
       Dungeon |   2840 |   2762 |     78 |    590 |   1751 |   3 |  946.7 |
               +--------+--------+--------+--------+--------+-----+--------+

Top non-repeatable levels by time:
     D:1: 1466 daAuts
     D:2: 1274 daAuts
     D:3: 99 daAuts
